 Dungeon Crawl Stone Soup version 0.29-a0-557-g43b9904bd1 (webtiles) character file.

Game seed: 5297791820087518878

31935 zazu2006 the Thaumaturge (level 13, -6/115 HPs)
             Began as a Naga Hedge Wizard on June 8, 2022.
             Was an Elder of Vehumet.
             Mangled by a troll (12 damage)
             ... on level 11 of the Dungeon on June 9, 2022.
             The game lasted 01:02:26 (21691 turns).

zazu2006 the Thaumaturge (Naga Hedge Wizard)       Turns: 21691, Time: 01:02:27

Health: -6/115     AC:  7    Str: 14    XL:     13   Next: 61%
Magic:  25/27      EV: 11    Int: 18    God:    Vehumet [****..]
Gold:   1025       SH:  0    Dex: 11    Spells: 20/33 levels left

rFire   . . .      SeeInvis +   h - +2 demon blade (vamp)
rCold   + . .      Faith    .   (no shield)
rNeg    . . .      Spirit   .   P - +0 troll leather armour
rPois   +          Reflect  .   p - +0 helmet
rElec   .          Harm     .   O - +2 cloak {Will+}
rCorr   .          Rampage  .   (no gloves)
Will    ++...                   (no barding)
Stlth   ++++......              y - amulet of magic regeneration
HPRegen 1.09/turn               w - ring of protection from cold
MPRegen 0.60/turn               v - ring of wizardry

@: corroded, very slow
A: AC +4, large, see invisible, deformed body, poison resistance, slowness 2,
spit poison 1, naga tail 2
a: Spit Poison, Renounce Religion


You were on level 11 of the Dungeon.
You worshipped Vehumet.
Vehumet was greatly pleased with you.
You visited 3 branches of the dungeon, and saw 14 of its levels.
You also visited: Sewer, Bailey, Ice Cave and Volcano.

You collected 1025 gold pieces.

Inventory:

Hand Weapons
 c - a +4 long sword of freezing
 h - a +2 vampiric demon blade (weapon)
 I - the +7 quarterstaff of Pyromania {venom, rN+ Str+7 Int-3}
   (You took it off a goblin in a bailey)

   It poisons the flesh of those it strikes.
   Str:       It affects your strength (+7).
   Int:       It affects your intelligence (-3).
   rN:        It protects you from negative energy.
Missiles
 s - 65 poisoned darts
 Q - 4 throwing nets
Armour
 a - a +3 leather armour of fire resistance
 p - a +0 helmet (worn)
 L - a scarf of shadows
 O - a +2 cloak of willpower (worn)
 P - a +0 troll leather armour (worn)
Jewellery
 g - the ring of Nimem {rElec rN+}
   (You acquired it on level 1 of the Lair of Beasts)

   [ring of positive energy]

   rElec:     It insulates you from electricity.
   rN:        It protects you from negative energy.
 v - a ring of wizardry (right hand)
 w - a ring of protection from cold (left hand)
 y - an amulet of magic regeneration (around neck)
 D - a ring of protection from cold
 M - an amulet of regeneration
Wands
 b - a wand of digging (4)
 q - a wand of polymorph (7)
 F - a wand of flame (67)
 K - a wand of iceblast (1)
Scrolls
 e - 2 scrolls of fear
 i - 6 scrolls of immolation {unknown}
 j - 9 scrolls of fog
 k - 2 scrolls of magic mapping
 l - 2 scrolls of poison {unknown}
 m - 9 scrolls of teleportation
 n - 2 scrolls of noise {unknown}
 z - 2 scrolls of blinking {unknown}
 C - 2 scrolls of vulnerability {unknown}
 E - 3 scrolls of amnesia {unknown}
 H - 3 scrolls of brand weapon {unknown}
 J - 3 scrolls of enchant weapon
 T - 3 scrolls of enchant armour {unknown}
Potions
 d - 2 potions of magic
 f - 3 potions of haste
 o - 2 potions of flight
 r - 4 potions of lignification
 t - 3 potions of mutation
 u - 4 potions of brilliance
 x - 2 potions of attraction {unknown}
 A - 3 potions of ambrosia {unknown}
 B - 2 potions of heal wounds
 G - 3 potions of curing
 S - 2 potions of cancellation {unknown}


   Skills:
 + Level 7.0 Fighting
 + Level 10.6 Long Blades
 + Level 0.2 Staves
 + Level 2.2 Throwing
 + Level 4.2 Armour
 + Level 5.2 Dodging
 + Level 9.5 Stealth
 + Level 10.9 Spellcasting
 + Level 7.6 Conjurations
 + Level 1.0 Summonings
 + Level 1.7 Translocations
 + Level 0.7 Fire Magic
 + Level 7.9 Air Magic
 + Level 4.9 Poison Magic
 + Level 1.0 Evocations


You had 20 spell levels left.
You knew the following spells:

 Your Spells              Type           Power      Damage    Failure   Level
a - Magic Dart            Conj           100%       1d8       1%          1
b - Mephitic Cloud        Conj/Pois/Air  34%        N/A       1%          3
c - Conjure Flame         Conj/Fire      24%        6-21      1%          3
d - Blink                 Tloc           30%        N/A       2%          2
e - Airstrike             Air            19%        N/A       1%          4

Your spell library contained the following spells:

 Spells                   Type           Power      Damage    Failure   Level
 Ignite Poison            Fire/Tmut/Pois 16%        N/A       1%          3
 Shock                    Conj/Air       100%       1d9       1%          1
 Sting                    Tmut/Pois      72%        1d6       1%          1
 Poisonous Vapours        Pois/Air       64%        N/A       1%          2
 Swiftness                Air            38%        N/A       1%          3
 Olgreb's Toxic Radiance  Pois           27%        N/A       1%          4
 Slow                     Hex            36%        N/A       3%          1
 Call Imp                 Summ           13%        N/A       3%          2
 Gell's Gravitas          Tloc           15%        N/A       5%          3
 Teleport Other           Tloc           15%        N/A       5%          3
 Ozocubu's Armour         Ice            9%         N/A       11%         3
 Metabolic Englaciation   Hex/Ice        4%         N/A       65%         5
 Dispersal                Tloc           7%         N/A       92%         6
 Simulacrum               Ice/Necr       4%         N/A       99%         6


Dungeon Overview and Level Annotations

Branches:
Dungeon (11/15)            Temple (1/1) D:5            Lair (2/6) D:9
  Sewer (visited)          Bailey (visited)           IceCv (visited)
Volcano (visited)
  Swamp: Lair:2-4    Shoals: Lair:2-4     Snake: Lair:2-4    Spider: Lair:2-4
    Orc: D:9-12

Altars:
Ashenzari
Cheibriados
Dithmenos
Elyvilon
Fedhas
Gozag
Hepliaklqana
Kikubaaqudgha
Makhleb
Nemelex Xobeh
Okawaru
Qazlal
Ru
Sif Muna
Trog
Uskayaw
Vehumet
Wu Jian
Xom
Yredelemnul
Zin
The Shining One

Shops:
D:5 (   D:8 [

Annotations:
Lair:1 2 transporters, exclusion: 2 oklob plants, lunkers's ghost, journeyman DgEE
Lair:2 exclusion: oklob plant


Innate Abilities, Weirdness & Mutations

Your serpentine skin is tough. (AC +4)
You have supernaturally acute eyesight. (SInv)
Armour fits poorly on your strangely shaped body.
Your system is resistant to poisons. (rPois)
You cover ground very slowly.
You can spit poison.
You can use your snake-like lower body to constrict enemies.


Message History

You kill the acid dragon!
Vehumet accepts your kill.
You feel your power returning. The troll bites you. The troll claws you!
The troll claws you.
Unknown command.
You hit the troll. Your grab misses the troll.
The troll is lightly wounded.
You hit the troll. You grab the troll.
The troll is lightly wounded.
You constrict the troll.
The troll escapes!
You slash the troll!
You feel better.
You grab the troll.
The troll is moderately wounded.
You constrict the troll.
The troll seems less confused.
You hit the troll but do no damage.
The troll is heavily wounded.
You constrict the troll. The troll bites you! The troll claws you!
* * * LOW HITPOINT WARNING * * *
The troll claws you but does no damage.
You slash the troll!
The troll is severely wounded.
You constrict the troll. The troll bites you.
* * * LOW HITPOINT WARNING * * *
The troll completely misses you. The troll claws you!
* * * LOW HITPOINT WARNING * * *
Casting: Mephitic Cloud (safe; 1% risk of failure)
Confirm with . or Enter, or press ? or * to list all spells.
Aiming: Mephitic Cloud (safe; 1% risk of failure)
Press: ? - help, Shift-Dir - straight line, f - troll
Aim: a troll (severely wounded, constricted by you, chance to affect: 67%)
The ball explodes into a vile cloud!
The stinking cloud engulfs the troll but does no damage.
The troll is severely wounded.
The stinking cloud engulfs you but does no damage.
You constrict the troll.
You hear an angry buzzing noise. x6
The troll is engulfed in noxious fumes.
The troll closely misses you. The troll claws you!
* * * LOW HITPOINT WARNING * * *
The troll claws you!
You die...

..## ##* ##........#**,, ...##
#.###* ###....#.#*,,, ....#
#....### **,,**,,*,,, ...##
#......### *****,,,,,, ..##
#........## **,,,,, ..#
*#........### *,,,,, .##
#...○§☼....## *,,,,, ## ###
#...☼T☼.....# *,,,,, # #.#
#...@.☼.....#***,,,,, ########.##
##...........,,,,,,,,
..........####...........,,,,,,,,
.........................,,,,,,,,
########..#######........*******,
#### #########* **


You could see a troll.

Vanquished Creatures
  A reaper (IceCv)
  A rakshasa (D:11)
  2 hydras (Lair:2)
  An ogre mage (D:11)
  9 two-headed ogres
  2 death yaks
  2 centaur warriors (D:11)
  A tengu warrior (D:11)
  A hell knight (Volcano)
  Pikel (D:7)
  2 cyclopes
  An ugly thing (IceCv)
  An orc sorcerer (Bailey)
  A black mamba (Lair:2)
  2 ice statues (IceCv)
  A gargoyle (D:11)
  A freezing wraith (D:11)
  A kobold demonologist (Bailey)
  2 anaconda simulacra (IceCv)
  4 komodo dragons
  2 entropy weaver simulacra (IceCv)
  7 ice devils
  3 trolls
  A hornet (D:9)
  Grinder (D:5)
  2 vampires
  20 yaks
  4 dire elephant simulacra (IceCv)
  2 wyverns
  A steam dragon (D:6)
  A death yak simulacrum (IceCv)
  2 basilisks (Lair:2)
  2 harpy simulacra (IceCv)
  5 water moccasins
  An acid dragon (D:11)
  2 sky beasts
  2 ice beasts
  13 orc warriors
  4 black bears
  8 centaurs
  2 phantoms (D:5)
  6 kobold brigands
  A gnoll sergeant (D:9)
  6 bullfrogs
  3 necrophages
  3 scorpions
  A cane toad simulacrum (IceCv)
  4 wights (D:9)
  9 killer bees
  5 electric eels (Bailey)
  A howler monkey (D:6)
  2 hounds
  A jelly (D:6)
  A gnoll shaman (D:7)
  5 orc priests
  Crazy Yiuf (D:7)
  2 iguanas (D:5)
  11 orc wizards
  2 polar bear simulacra (IceCv)
  28 gnolls
  2 naga simulacra (IceCv)
  7 adders
  3 river rats
  A shadow imp (D:5)
  9 worms
  2 dart slugs
  34 orcs
  13 ball pythons
  4 bats
  4 endoplasms
  6 giant cockroaches
  17 goblins
  9 hobgoblins
  6 jackals
  26 kobolds
  A quokka (D:1)
  3 frilled lizards
  12 rats
373 creatures vanquished.

Vanquished Creatures (collateral kills)
  A killer bee (D:8)
1 creature vanquished.

Vanquished Creatures (others)
  3 electric eels (D:8)
  5 fungi (Lair:2)
  30 plants
38 creatures vanquished.

Grand Total: 412 creatures vanquished

Notes
Turn   | Place    | Note
-------+----------+-------------------------------------------
     0 | D:1      | zazu2006 the Naga Hedge Wizard began the quest for the Orb.
     0 | D:1      | Reached XP level 1. HP: 15/15 MP: 4/4
   253 | D:1      | Reached XP level 2. HP: 16/22 MP: 0/6
   904 | D:1      | Found a faded altar of an unknown god.
  1145 | D:2      | Reached XP level 3. HP: 24/28 MP: 0/8
  1744 | D:2      | Reached XP level 4. HP: 11/36 MP: 3/10
  2631 | D:2      | Reached XP level 5. HP: 42/42 MP: 9/11
  3083 | D:2      | Upgraded the game from 0.29-a0-555-g3b24f45cc1 to
                  | 0.29-a0-557-g43b9904bd1
  3145 | D:3      | Learned a level 3 spell: Mephitic Cloud
  3149 | D:3      | Learned a level 3 spell: Conjure Flame
  3152 | D:3      | Learned a level 2 spell: Blink
  3548 | D:3      | Identified the +1 ring mail of Naof {Harm rPois Stlth+}
  4615 | D:4      | Reached skill level 1 in Long Blades
  4615 | D:4      | Reached XP level 6. HP: 7/50 MP: 11/13
  5410 | D:4      | Identified a scroll of acquirement
  5432 | D:5      | Entered Level 5 of the Dungeon
  5441 | D:5      | Found a staircase to the Ecumenical Temple.
  5469 | Temple   | Entered the Ecumenical Temple
  5518 | D:5      | Reached skill level 1 in Fighting
  5548 | D:5      | Found a glowing drain.
  5561 | Sewer    | Entered a sewer
  5743 | Sewer    | Reached skill level 5 in Spellcasting
  5860 | Sewer    | Reached XP level 7. HP: 40/57 MP: 10/14
  6269 | Temple   | Became a worshipper of Vehumet
  6459 | D:5      | Reached skill level 5 in Stealth
  6526 | D:5      | Found Otef's Antique Weapon Shop.
  6731 | D:5      | Reached XP level 8. HP: 39/66 MP: 2/16
  6965 | D:5      | Noticed Grinder
  7112 | D:5      | Reached skill level 1 in Air Magic
  7166 | D:5      | Learned a level 4 spell: Airstrike
  7551 | D:6      | Reached skill level 1 in Poison Magic
  7821 | D:6      | Noticed a wyvern
  7834 | D:6      | Killed a wyvern
  7836 | D:6      | Reached * piety under Vehumet
  7836 | D:6      | Offered knowledge of Sandblast by Vehumet.
  7849 | D:6      | Reached skill level 5 in Conjurations
  7849 | D:6      | Reached XP level 9. HP: 60/74 MP: 10/19
  8076 | D:6      | Found a basalt altar of Yredelemnul.
  8537 | D:5      | Killed Grinder
  8880 | D:7      | Found a flagged portal.
  8882 | D:7      | Noticed Pikel
  8895 | D:7      | Killed Pikel
  8904 | Bailey   | Entered a bailey
  9377 | Bailey   | Offered knowledge of Scorch by Vehumet.
  9384 | Bailey   | Reached ** piety under Vehumet
  9385 | Bailey   | Reached XP level 10. HP: 62/84 MP: 22/22
  9699 | Bailey   | Identified the +7 quarterstaff of Pyromania {venom, rN+
                  | Str+7 Int-3}
  9707 | Bailey   | Noticed a kobold demonologist
  9902 | Bailey   | Killed a kobold demonologist
  9903 | Bailey   | Reached skill level 5 in Long Blades
 10005 | Bailey   | Noticed an orc sorcerer
 10035 | Bailey   | Reached skill level 1 in Throwing
 10374 | Bailey   | Found an iron altar of Okawaru.
 10376 | Bailey   | Paralysed by an orc sorcerer for 2 turns
 10392 | Bailey   | Killed an orc sorcerer
 11331 | D:6      | Reached skill level 5 in Air Magic
 11634 | D:8      | Found a transporter.
 11784 | D:8      | Noticed a cyclops
 11955 | D:8      | Killed a cyclops
 12210 | D:8      | Found a transporter.
 12745 | D:8      | Found Teunapn's Antique Armour Shoppe.
 13349 | D:8      | Reached skill level 1 in Armour
 13801 | D:8      | Reached XP level 11. HP: 47/93 MP: 10/23
 14235 | D:8      | Acquired a +2 vampiric demon blade
 15521 | D:7      | Found a runed translucent door.
 15522 | D:7      | Noticed Crazy Yiuf
 15613 | D:7      | Killed Crazy Yiuf
 15770 | D:9      | Reached skill level 5 in Fighting
 16056 | D:9      | Offered knowledge of Searing Ray by Vehumet.
 16327 | D:9      | Found a staircase to the Lair.
 16959 | Lair:1   | Entered Level 1 of the Lair of Beasts
 16961 | Lair:1   | Found a transporter.
 16979 | Lair:1   | Found a dark tunnel.
 17011 | Volcano  | Entered a volcano
 17011 | Volcano  | Noticed a two-headed ogre
 17012 | Volcano  | Noticed a two-headed ogre
 17015 | Volcano  | Noticed a two-headed ogre
 17015 | Volcano  | Noticed a two-headed ogre
 17016 | Volcano  | Noticed a two-headed ogre
 17016 | Volcano  | Noticed an ogre mage
 17017 | Volcano  | Noticed a two-headed ogre
 17022 | Volcano  | Noticed a two-headed ogre
 17025 | Volcano  | Killed a two-headed ogre
 17027 | Volcano  | Killed a two-headed ogre
 17028 | Volcano  | Noticed a two-headed ogre
 17033 | Volcano  | Killed a two-headed ogre
 17036 | Volcano  | Killed a two-headed ogre
 17036 | Volcano  | Reached *** piety under Vehumet
 17039 | Volcano  | Noticed a hell knight
 17041 | Volcano  | Killed a two-headed ogre
 17045 | Volcano  | Killed a two-headed ogre
 17046 | Volcano  | Reached XP level 12. HP: 35/103 MP: 16/25
 17055 | Volcano  | Killed a hell knight
 17060 | Volcano  | Killed a two-headed ogre
 17181 | Lair:1   | Noticed lunkers's ghost (journeyman DgEE)
 17185 | Lair:1   | Found a transporter.
 17465 | Lair:1   | Found a blossoming altar of Fedhas.
 17939 | Lair:2   | Noticed an eight-headed hydra
 18209 | Lair:2   | Noticed a seven-headed hydra
 18223 | Lair:2   | Killed a seven-headed hydra
 18421 | Lair:2   | Noticed a seven-headed hydra
 18449 | Lair:2   | Killed a seven-headed hydra
 18510 | Lair:2   | Reached skill level 10 in Spellcasting
 18640 | Lair:2   | Found the +1 robe of Vines {NoPotionHeal Regen++++}
 18648 | Lair:2   | Noticed a death yak
 18651 | Lair:2   | Noticed a death yak
 18651 | Lair:2   | Noticed a death yak
 18834 | Lair:2   | Noticed a death yak
 18838 | Lair:2   | Noticed a death yak
 18838 | Lair:2   | Noticed a death yak
 18846 | Lair:2   | HP: 5/104 [death yak (25)]
 18952 | Lair:2   | Killed a death yak
 18979 | Lair:1   | Killed a death yak
 18980 | Lair:1   | Acquired the ring of Nimem {rElec rN+}
 19083 | D:10     | Entered Level 10 of the Dungeon
 19347 | D:10     | Offered knowledge of Iskenderun's Mystic Blast by Vehumet.
 19723 | D:11     | Noticed a two-headed ogre
 19736 | D:11     | Killed a two-headed ogre
 19739 | D:11     | Noticed a two-headed ogre
 19748 | D:11     | Killed a two-headed ogre
 19766 | D:11     | Noticed a tengu warrior
 19768 | D:11     | Noticed a rakshasa
 19849 | D:11     | Noticed a centaur warrior
 19859 | D:11     | Killed a tengu warrior
 19863 | D:11     | Killed a centaur warrior
 19864 | D:11     | Gained mutation: You can use your snake-like lower body to
                  | constrict enemies. [Naga growth]
 19864 | D:11     | Reached XP level 13. HP: 41/112 MP: 7/27
 19893 | D:11     | Reached skill level 5 in Dodging
 19927 | D:11     | Found a frozen archway.
 19940 | D:11     | Reached **** piety under Vehumet
 19941 | D:11     | Reached skill level 1 in Evocations
 19950 | IceCv    | Entered an ice cave
 20575 | IceCv    | Reached skill level 10 in Long Blades
 20672 | IceCv    | Offered knowledge of Ignite Poison by Vehumet.
 21009 | IceCv    | Noticed a reaper
 21022 | IceCv    | Killed a reaper
 21491 | D:11     | Found a hide-covered altar of Uskayaw.
 21492 | D:11     | Found a hazy altar of Hepliaklqana.
 21511 | D:11     | Found a broken altar of Ashenzari.
 21511 | D:11     | Found a broken altar of Ashenzari.
 21514 | D:11     | Killed a rakshasa
 21691 | D:11     | Mangled by a troll

Illustrated notes

Levels and vault maps discovered:
D:1:      ncdulo_wetmaze, layout_loops_cross, ebering_ecumenical_altar_box,
          minmay_pentomino_q2
D:2:      layout_basic, kennysheep_generic_room_5
D:3:      layout_loops_ring, minmay_tree_intersection
D:4:      layout_loops_ring, grunt_ministairs_9, minmay_goblin_kobold_house
D:5:      layout_loops_cross, minmay_temple_entry_overgrown, serial_glass,
          glass_columns_a, glass_columns_a, glass_columns_a, glass_columns_b,
          glass_columns_a, glass_columns_c, feat_on_display,
          due_unseen_surprise, feat_on_display, feat_on_display, serial_shops,
          shop, lightli_sewer_entry_pipes, uniq_grinder
D:6:      layout_cave_pools, mainiacjoe_overflow_catwalk
D:7:      layout_basic, enter_bailey_2, uniq_pikel, uniq_crazy_yiuf_cottage
D:8:      gammafunk_steamed_eel, layout_gridville, serial_shops,
          kennysheep_little_box
D:9:      minmay_spotlight, layout_stronghold, david_lair_shrubbed
D:10:     layout_rooms, patterned_corridor
D:11:     minmay_the_grid_octo_triangle [minmay_the_grid_octo_shrine,
          minmay_the_grid_octo_prize_square_snowflake,
          minmay_the_grid_octo_concentric], layout_cave_pods,
          portal_ice_cave_demonic_guard
Temple:   kilobyte_greek_temple
Lair:1:   layout_loops_ring, nzn_ghost_randoct, nicolae_volcano_entry_lava_flow,
          lemuel_oklob_altar
Lair:2:   layout_layer_cave, hellmonk_guarded_unrand_vines

Skill      XL: |  1  2  3  4  5  6  7  8  9 10 11 12 13 |
---------------+----------------------------------------+-----
Spellcasting   | 4 5 6 8 9 10 | 10.9
Dodging        | 2 3 4 5 |  5.2
Conjurations   | 2 3 5 6 7 |  7.6
Stealth        | 4 5 7 9 |  9.5
Long Blades    | 1 2 3 4 6 8 9 10 | 10.6
Fighting       | 1 2 3 4 5 6 7 |  7.0
Air Magic      | 2 4 5 6 7 |  7.9
Poison Magic   | 1 2 3 4 |  4.9
Throwing       | 2 |  2.2
Armour         | 1 3 4 |  4.2
Evocations     | 1 |  1.0
Staves         | |  0.2
Summonings     | |  1.0
Translocations | |  1.7
Fire Magic     | |  0.7

Action                   |  1- 3 |  4- 6 |  7- 9 | 10-12 | 13-15 || total
-------------------------+-------+-------+-------+-------+-------++-------
Melee: Dagger            |     3 |     2 |       |       |       ||     5
       Long sword        |       |    66 |   155 |   192 |       ||   413
       Punch             |       |     1 |     2 |     9 |     5 ||    17
       Demon blade       |       |       |       |   378 |   232 ||   610
       Quarterstaff      |       |       |       |     5 |       ||     5
       Constrict         |       |       |       |       |    38 ||    38
Throw: Dart              |       |     2 |     8 |    32 |       ||    42
 Cast: Magic Dart        |    64 |   167 |   125 |    46 |    17 ||   419
       Mephitic Cloud    |       |     2 |    27 |    86 |     9 ||   124
       Conjure Flame     |       |       |     4 |    10 |    16 ||    30
       Airstrike         |       |       |    16 |    40 |    28 ||    84
       Blink             |       |       |       |     5 |     3 ||     8
 Abil: Spit Poison       |    19 |    18 |    23 |    39 |       ||    99
Evoke: Wand              |       |       |     1 |     3 |     3 ||     7
  Use: Scroll            |     1 |     4 |     3 |     6 |     2 ||    16
       Potion            |     1 |       |     3 |     4 |     3 ||    11
 Stab: Confused          |       |     2 |     5 |    35 |     2 ||    44
       Sleeping          |       |     1 |     1 |     8 |     1 ||    11
Armor: Robe              |     6 |    32 |    96 |    36 |       ||   170
       Leather armour    |       |       |       |    79 |       ||    79
       Troll leather arm |       |       |       |   106 |    85 ||   191
Dodge: Dodged            |    15 |    82 |   151 |   351 |    98 ||   697

Table legend: (Time is in decaauts)
 A = Elapsed time spent in this place.
 B = Non-inter-level travel time spent in this place.
 C = Inter-level travel time spent in this place.
 D = Time resting spent in this place.
 E = Time spent auto-exploring this place.
 F = Levels seen in this place.
 G = Mean time per level.
                   A        B        C        D        E       F      G
               +--------+--------+--------+--------+--------+-----+--------+
         Total |  26146 |  25493 |    653 |   4468 |  15251 |  18 | 1452.6 |
       Dungeon |  18217 |  17671 |    546 |   2285 |  12016 |  11 | 1656.1 |
        Temple |    272 |    220 |     52 |      0 |    201 |   1 |  272.0 |
          Lair |   2607 |   2553 |     54 |    248 |   1782 |   2 | 1303.5 |
         Sewer |    703 |    703 |      0 |      0 |    414 |   1 |  703.0 |
        Bailey |   2739 |   2739 |      0 |   1193 |    758 |   1 | 2739.0 |
      Ice Cave |   1516 |   1516 |      0 |    741 |     78 |   1 | 1516.0 |
       Volcano |     90 |     90 |      0 |      0 |      0 |   1 |   90.0 |
               +--------+--------+--------+--------+--------+-----+--------+

Top non-repeatable levels by time:
     D:8: 3095 daAuts
  Bailey: 2739 daAuts
     D:2: 2319 daAuts
     D:5: 2316 daAuts
     D:7: 1850 daAuts
     D:9: 1622 daAuts
   IceCv: 1516 daAuts
     D:4: 1481 daAuts
     D:1: 1376 daAuts
     D:3: 1351 daAuts
  Lair:2: 1340 daAuts
     D:6: 1287 daAuts
  Lair:1: 1267 daAuts
    D:10: 813 daAuts
   Sewer: 703 daAuts
